Description

Personal

Build Order

Why is there no SALT encoding or Overwolf build?

  14    Supply Depot  
  16    Barracks  
    1:15  Command Center  
    1:30  Orbital Command  
    1:40  Bunker, Supply Depot  Exp, Exp
      Barracks x2  
      Refinery x2  
    3:00  Barracks Tech Lab, Engineering Bay  
    3:45  Factory, Barracks Tech Lab  
      Refinery  Exp
    3:45  Starport, Engineering Bay  
      Factory Reactor  
      Refinery  Exp
      Armory  
    6:00  Command Center  
    9:00  Command Center  
Spawning Tool Build Advisor. Get it on Overwolf

Go to:

Details

  • Created by: Cyrus
  • Published on: Oct 24, 2016
  • Modified on: Oct 24, 2016
  • Patch: Pre-3.8.0
  • Difficulty: Easy
Show

Export as new Build Order

Comments (0)

There are no comments. Be the first!

Create an account to comment!